Map: Void Launch

Players

Smileblind

  • Race: Protoss Protoss
  • League: Silver
  • Spawn Location: 6:00

Ozone

  • Race: Zerg Zerg
  • League: Silver
  • Spawn Location: 6:00

VOD

Have the link to the VOD?

Description

Time

  • Played on: Feb. 7, 2019, 1:04 p.m.
  • Length: 25:54
Show
View Real Time Build Order
Export as new Build Order

Smileblind Protoss 

Build Orders:  

Get SALT Encoding   

  12  0:04  Probe (Chrono Boost)  
  13  0:32  Gateway  
  13  0:42  Pylon  
  13  0:44  Probe (Chrono Boost)  
  14  1:07  Gateway, Probe (Chrono Boost)  
  15  1:21  Probe (Chrono Boost)  
  16  1:31  Assimilator  
  16  1:35  Probe (Chrono Boost)  
  17  1:49  Probe (Chrono Boost)  
  18  1:57  Cybernetics Core  
  18  2:02  Probe (Chrono Boost)  
  18  2:06  Zealot  
  21  2:16  Probe (Chrono Boost)  
  22  2:28  Pylon  
  22  2:30  Probe (Chrono Boost)  
  23  2:41  Pylon  
  23  3:00  Probe (Chrono Boost)  
  24  3:11  Zealot  
  24  3:14  Probe (Chrono Boost), Zealot  
  29  3:28  Assimilator, Probe (Chrono Boost)  
  30  3:42  Probe (Chrono Boost)  
  31  3:51  Zealot  
  31  3:52  Zealot  
  31  3:56  Probe (Chrono Boost)  
  36  4:09  Probe (Chrono Boost)  
  37  4:23  Probe (Chrono Boost)  
  37  4:29  Twilight Council  
  38  4:37  Probe (Chrono Boost)  
  39  4:47  Nexus  
  39  4:59  Pylon  
  39  5:04  Pylon  
  39  5:23  Probe (Chrono Boost)  
  39  5:27  Charge  
  40  5:33  Dragoon  
  40  5:34  Dragoon  
  40  5:37  Probe (Chrono Boost)  
  45  5:52  Forge  
  45  5:59  Gateway  
  45  6:00  Probe (Chrono Boost)  
  46  6:14  Probe (Chrono Boost)  
  47  6:30  Zealot  
  47  6:31  Zealot x2  
  47  6:37  Probe (Chrono Boost)  
  54  6:50  Probe (Chrono Boost)  
  54  6:57  Probe (Chrono Boost)  
  56  7:04  Probe (Chrono Boost)  
  57  7:11  Probe (Chrono Boost)  
  57  7:18  Probe (Chrono Boost)  
  59  7:22  Templar Archives  
  59  7:25  Stargate, Probe (Chrono Boost)  
  60  7:32  Probe (Chrono Boost)  
  61  8:06  Dragoon x3  
  61  8:07  Dragoon  
  69  8:22  Khaydarin Amulet  
  69  8:31  Assimilator  
  69  8:37  Assimilator  
  69  8:51  Probe (Chrono Boost)  
  69  8:53  Pylon  
  69  8:55  Pylon  
  69  8:58  Pylon  
  70  9:14  Psionic Storm  
  70  9:18  Phoenix, Probe (Chrono Boost)  
  73  9:23  Pylon  
  73  9:28  Pylon  
  73  9:33  Pylon  
  73  9:35  Probe (Chrono Boost)  
  74  9:40  Zealot  
  74  9:41  Zealot x5  
  86  9:52  Probe (Chrono Boost)  
  83  10:09  Probe (Chrono Boost)  
  78  10:12  Zealot x2  
  78  10:13  Zealot  
  80  10:44  Dragoon  
  80  10:45  Dragoon  
  84  11:30  High Templar  
  84  11:31  High Templar  
  84  11:35  Archon  
  88  11:43  Phoenix  
  91  11:51  Probe (Chrono Boost)  
  91  12:08  Probe (Chrono Boost)  
  92  12:12  Pylon  
  92  12:17  Pylon  
  92  12:18  Phoenix  
  92  12:19  Pylon  
  92  12:25  Probe (Chrono Boost)  
  76  12:42  Probe (Chrono Boost)  
  62  12:53  Phoenix  
  62  12:55  Dragoon  
  62  12:56  Dragoon x5  
  62  12:59  Probe (Chrono Boost)  
  69  13:22  Gateway  
  69  13:26  Gateway  
  69  13:28  Phoenix, Gateway  
  67  13:30  Gateway  
  67  13:35  Gateway  
  61  13:52  Dragoon x2  
  63  14:01  Zealot x2  
  63  14:02  Phoenix  
  63  14:36  Zealot x2  
  63  14:37  Phoenix, Zealot x3  
  71  14:46  Dragoon x2  
  53  15:24  High Templar x5  
  53  15:27  Archon  
  53  15:28  Archon  
  63  15:39  Dragoon  
  65  15:40  Dragoon x2  
  69  15:56  Dragoon x2  
  71  16:43  Dragoon x2  
  71  16:44  Dragoon x5  
  79  16:59  Dragoon x2  
  83  17:35  High Templar x2  
  87  17:48  Zealot x5  
  87  17:49  Zealot x4  
  105  17:50  Zealot x4  
  113  18:03  High Templar  
  109  18:24  Dragoon x3  
  109  18:25  Dragoon  
  113  19:30  Dragoon x3  
  113  19:31  Dragoon x2  
  113  19:32  Dragoon  
  113  19:33  Dragoon  
  127  21:55  Dragoon x3  
  119  25:08  Dragoon  
  119  25:09  Dragoon x2  
Show
View Real Time Build Order
Export as new Build Order

Ozone Zerg 

Build Orders:  

Get SALT Encoding   

  12  0:06  Drone  
  13  0:20  Drone  
  13  0:26  Overlord  
  14  0:53  Drone x4  
  14  0:58  Extractor  
  17  1:00  Drone  
  17  1:05  Drone  
  17  1:08  Extractor  
  18  1:18  Drone  
  18  1:19  Drone  
  20  1:42  Drone x2  
  20  1:44  Overlord  
  20  1:49  Queen  
  22  2:06  Overlord  
  24  2:25  Overlord  
  24  2:26  Drone x2  
  24  2:29  Queen  
  28  3:06  Drone  
  28  3:07  Drone x3  
  32  3:20  Queen  
  34  3:50  Queen  
  34  3:52  Drone x2  
  34  3:53  Drone x4  
  42  4:24  Queen  
  42  4:45  Roach Warren  
  43  4:54  Queen  
  45  5:58  Overlord  
  45  5:59  Overlord x5  
  45  6:03  Queen  
  45  6:12  Glial Reconstitution  
  47  6:30  Spore Crawler  
  47  6:33  Queen  
  47  6:38  Spore Crawler  
  45  6:49  Drone x4  
  51  7:03  Queen  
  51  7:21  Spore Crawler  
  52  7:33  Queen  
  52  7:45  Spore Crawler  
  52  7:49  Spore Crawler  
  50  7:50  Spore Crawler  
  50  7:51  Spore Crawler  
  50  7:53  Spore Crawler  
  50  7:57  Spore Crawler  
  50  7:58  Spore Crawler  
  47  8:27  Roach x2  
  47  8:28  Roach x3  
  57  8:30  Drone  
  58  9:00  Queen  
  60  9:30  Queen  
  62  10:00  Queen  
  64  10:30  Queen  
  64  10:53  Roach x5  
  64  10:54  Roach x4  
  84  13:31  Roach x5  
  84  13:36  Overlord x4  
  94  13:47  Lair  
  92  15:09  Queen  
  94  15:32  Roach x2  
  94  15:33  Roach x6  
  94  15:38  Queen  
  112  16:08  Queen  
  114  16:38  Queen  
  116  17:08  Queen  
  118  17:38  Queen  
  118  20:19  Queen  
  120  20:45  Overlord x3  
  120  20:46  Overlord x2  
  120  20:48  Roach  
  120  20:49  Roach x2  
  126  20:50  Queen  
  128  21:20  Queen  
  130  21:50  Queen  
  132  22:20  Queen  
Tags
 
Add a new tag
Caveats
  • Supply blocks, unpowered buildings, or Contaminate may cause inaccurate times.
  • Supply counts are checked every 10 seconds.